MLB
NEW YORK YANKEES @ TAMPA BAY RAYS
07/06/2019
 
TOP OF THE 1ST
New York Yankees batting - Pitching for Tampa Bay Rays : RHP Clay Buchholz
Pitching: RHP Clay Buchholz
Batting: LHB Tony Kemp 0-0: Called Strike
0-1: Ball
1-1: SINGLE (Groundball, 34, EV 84.4 MPH) (infield hit)
Batting: LHB Scooter Gennett 0-0: Ball
1-0: Ball
2-0: Sac Bunt to 25 - play at first, batter safe!
Tony Kemp to second
Batting: RHB Anthony Rendon 0-0: Ball
1-0: Called Strike
1-1: Ball
2-1: Ball
3-1: Foul Ball, location: 2F
3-2: Base on Balls
Tony Kemp to third
Scooter Gennett to second
Batting: RHB Ryan Braun 0-0: Called Strike
0-1: Fly out, F7 (Line Drive, 7, EV 92.5 MPH)
Runner from 3rd tags up, SCORES, throw by LF
Batting: RHB Jose Abreu 0-0: Fly out, F4 (Line Drive, 4, EV 73.8 MPH)
Batting: RHB Buster Posey 0-0: Ball
1-0: Called Strike
1-1: Ball
2-1: Ball
3-1: Fly out, F9 (Flyball, 9S, EV 78.8 MPH)
Top of the 1st over - 1 run, 2 hits, 0 errors, 2 left on base; New York 1 - Tampa Bay 0
BOTTOM OF THE 1ST
Tampa Bay Rays batting - Pitching for New York Yankees : RHP Shane Bieber
Pitching: RHP Shane Bieber
Batting: RHB Xander Bogaerts 0-0: Ball
1-0: Ball
2-0: Called Strike
2-1: Ground out 6-3 (Groundball, 6, EV 82.5 MPH)
Batting: LHB Curtis Granderson 0-0: Ball
1-0: Foul Ball, location: 2F
1-1: Ball
2-1: Ball
3-1: Swinging Strike
3-2: Base on Balls
Batting: LHB Michael Conforto 0-0: Called Strike
0-1: Ball
1-1: Called Strike
1-2: Fielders Choice at 2nd, 4-6 (Groundball, 4D, EV 101.9 MPH)
Batting: RHB Nelson Cruz 0-0: Called Strike
0-1: Ball
1-1: Fly out, F9 (Flyball, 89M, EV 88.1 MPH)
Bottom of the 1st over - 0 runs, 0 hits, 0 errors, 1 left on base; New York 1 - Tampa Bay 0
TOP OF THE 2ND
New York Yankees batting - Pitching for Tampa Bay Rays : RHP Clay Buchholz
Batting: LHB Willie Calhoun 0-0: Ball
1-0: Ground out 4-3 (Groundball, 34, EV 103.8 MPH)
Batting: LHB Brandon Crawford 0-0: Called Strike
0-1: Fly out, F5 (Line Drive, 5, EV 71.3 MPH)
Batting: RHB Manuel Margot 0-0: Ball
1-0: SINGLE (Line Drive, 89M, EV 108.8 MPH)
Batting: LHB Tony Kemp 0-0: Called Strike
0-1: Called Strike
0-2: Ball
1-2: Strikes out swinging
Top of the 2nd over - 0 runs, 1 hit, 0 errors, 1 left on base; New York 1 - Tampa Bay 0
BOTTOM OF THE 2ND
Tampa Bay Rays batting - Pitching for New York Yankees : RHP Shane Bieber
Batting: LHB Rafael Devers 0-0: Foul Ball, location: 2F
0-1: Called Strike
0-2: Ball
1-2: Ball
2-2: Strikes out looking
Batting: RHB Enrique Hernandez 0-0: Ball
1-0: Ball
2-0: Foul Ball, location: 2F
2-1: Ground out 5-3 (Groundball, 5S, EV 88.8 MPH)
Batting: LHB Dan Vogelbach 0-0: Called Strike
0-1: Called Strike
0-2: Ball
1-2: Strikes out looking
Bottom of the 2nd over - 0 runs, 0 hits, 0 errors, 0 left on base; New York 1 - Tampa Bay 0
TOP OF THE 3RD
New York Yankees batting - Pitching for Tampa Bay Rays : RHP Clay Buchholz
Batting: LHB Scooter Gennett 0-0: Ball
1-0: Called Strike
1-1: Ball
2-1: Ball
3-1: Foul Ball, location: 2F
3-2: Foul Ball, location: 2F
3-2: Foul Ball, location: 2F
3-2: SINGLE (Line Drive, 9S, EV 102.5 MPH)
Batting: RHB Anthony Rendon 0-0: Grounds into double play, 6-4-3 (Groundball, 6, EV 88.8 MPH)
Batting: RHB Ryan Braun 0-0: Ball
1-0: Called Strike
1-1: Fly out, F8 (Flyball, 8RM, EV 88.8 MPH)
Top of the 3rd over - 0 runs, 1 hit, 0 errors, 0 left on base; New York 1 - Tampa Bay 0
BOTTOM OF THE 3RD
Tampa Bay Rays batting - Pitching for New York Yankees : RHP Shane Bieber
Batting: RHB DJ LeMahieu 0-0: Ball
1-0: Foul Ball, location: 2F
1-1: Foul Ball, location: 2F
1-2: Foul Ball, location: 2F
1-2: Ground out 5-3 (Groundball, 56, EV 92.5 MPH)
Batting: SHB Matt Wieters 0-0: Ball
1-0: Fly out, F9 (Flyball, 89M, EV 90.6 MPH)
Batting: RHB Xander Bogaerts 0-0: Called Strike
0-1: Ball
1-1: Ball
2-1: Ground out 5-3 (Groundball, 56, EV 98.8 MPH)
Bottom of the 3rd over - 0 runs, 0 hits, 0 errors, 0 left on base; New York 1 - Tampa Bay 0
TOP OF THE 4TH
New York Yankees batting - Pitching for Tampa Bay Rays : RHP Clay Buchholz
Batting: RHB Jose Abreu 0-0: Ball
1-0: Foul Ball, location: 2F
1-1: Ball
2-1: Fly out, F9 (Line Drive, 9D, EV 93.8 MPH)
Batting: RHB Buster Posey 0-0: Ball
1-0: Ball
2-0: Ground out 5-3 (Groundball, 56S, EV 83.8 MPH)
Batting: LHB Willie Calhoun 0-0: Foul Ball, location: 2F
0-1: Foul Ball, location: 2F
0-2: Ball
1-2: Ball
2-2: Fly out, F7 (Flyball, 7LS, EV 87.5 MPH)
Top of the 4th over - 0 runs, 0 hits, 0 errors, 0 left on base; New York 1 - Tampa Bay 0
BOTTOM OF THE 4TH
Tampa Bay Rays batting - Pitching for New York Yankees : RHP Shane Bieber
Batting: LHB Curtis Granderson 0-0: Swinging Strike
0-1: Foul Ball, location: 2F
0-2: Strikes out looking
Batting: LHB Michael Conforto 0-0: Fly out, F7 (Flyball, 78S, EV 94.4 MPH)
Batting: RHB Nelson Cruz 0-0: Fly out, F9 (Flyball, 9, EV 95.6 MPH)
Bottom of the 4th over - 0 runs, 0 hits, 0 errors, 0 left on base; New York 1 - Tampa Bay 0
TOP OF THE 5TH
New York Yankees batting - Pitching for Tampa Bay Rays : RHP Clay Buchholz
Batting: LHB Brandon Crawford 0-0: Called Strike
0-1: Fly out, F8 (Flyball, 8RM, EV 83.8 MPH)
Batting: RHB Manuel Margot 0-0: SINGLE (Flyball, 8RS, EV 100.6 MPH)
Batting: LHB Tony Kemp 0-0: Ball
1-0: Foul Ball, location: 2F
1-1: Swinging Strike
1-2: Ball
2-2: Strikes out swinging
Batting: LHB Scooter Gennett 0-0: Ball
1-0: Foul Ball, location: 2F
1-1: Swinging Strike
1-2: Foul Ball, location: 2F
1-2: Ball
2-2: Fly out, F8 (Flyball, 8RD, EV 80.6 MPH)
Top of the 5th over - 0 runs, 1 hit, 0 errors, 1 left on base; New York 1 - Tampa Bay 0
BOTTOM OF THE 5TH
Tampa Bay Rays batting - Pitching for New York Yankees : RHP Shane Bieber
Batting: LHB Rafael Devers 0-0: Called Strike
0-1: Ground out 4-3 (Groundball, 34D, EV 82.5 MPH)
Batting: RHB Enrique Hernandez 0-0: Ball
1-0: Reached on error, E2 (Groundball, 2L, EV 73.1 MPH)
Batting: LHB Dan Vogelbach 0-0: Foul Ball, location: 2F
0-1: Ball
1-1: Ball
2-1: Foul Ball, location: 2F
2-2: Strikes out swinging
Batting: RHB DJ LeMahieu 0-0: Foul Ball, location: 2F
0-1: Called Strike
0-2: Ball
1-2: Fly out, F8 (Flyball, 8RM, EV 86.3 MPH)
Bottom of the 5th over - 0 runs, 0 hits, 1 error, 1 left on base; New York 1 - Tampa Bay 0
TOP OF THE 6TH
New York Yankees batting - Pitching for Tampa Bay Rays : RHP Clay Buchholz
Batting: RHB Anthony Rendon 0-0: Ball
1-0: Swinging Strike
1-1: Called Strike
1-2: Strikes out swinging, 2-3 out at first.
Batting: RHB Ryan Braun 0-0: Ball
1-0: Called Strike
1-1: Fly out, F8 (Flyball, 8RD, EV 86.9 MPH)
Batting: RHB Jose Abreu 0-0: Foul Ball, location: 2F
0-1: SINGLE (Groundball, 56D, EV 96.9 MPH)
Batting: RHB Buster Posey 0-0: Called Strike
0-1: Swinging Strike
0-2: Fly out, F8 (Flyball, 8RD, EV 85.6 MPH)
Top of the 6th over - 0 runs, 1 hit, 0 errors, 1 left on base; New York 1 - Tampa Bay 0
BOTTOM OF THE 6TH
Tampa Bay Rays batting - Pitching for New York Yankees : RHP Shane Bieber
Batting: SHB Matt Wieters 0-0: Called Strike
0-1: Called Strike
0-2: Ball
1-2: Fly out, F3 (Flyball, 3D, EV 84.4 MPH)
Batting: RHB Xander Bogaerts 0-0: Ball
1-0: Ball
2-0: Called Strike
2-1: TRIPLE (Line Drive, 9LD, EV 106.9 MPH)
Batting: LHB Curtis Granderson 0-0: Called Strike
0-1: Ball
1-1: Called Strike
1-2: Strikes out swinging
Batting: LHB Michael Conforto 0-0: Ball
Wild Pitch!
Xander Bogaerts scores
1-0: Called Strike
1-1: Ball
2-1: Swinging Strike
2-2: Ground out 4-3 (Groundball, 4, EV 78.1 MPH)
Bottom of the 6th over - 1 run, 1 hit, 0 errors, 0 left on base; New York 1 - Tampa Bay 1
TOP OF THE 7TH
New York Yankees batting - Pitching for Tampa Bay Rays : RHP Clay Buchholz
Batting: LHB Willie Calhoun 0-0: Swinging Strike
0-1: Fly out, F7 (Flyball, 7, EV 90.6 MPH)
Batting: LHB Brandon Crawford 0-0: Fly out, F5 (Popup, 5F, EV 84.4 MPH)
Batting: RHB Manuel Margot 0-0: Ball
1-0: Foul Ball, location: 2F
1-1: Ball
2-1: Ball
3-1: Called Strike
3-2: Base on Balls
Batting: LHB Tony Kemp 0-0: Ball
1-0: SINGLE (Groundball, 34D, EV 102.5 MPH)
Manuel Margot to second
Runner from 2nd tries for 3rd, SAFE, throw by RF made to third
Pitching: RHP Darren O'Day
Batting: LHB Scooter Gennett 0-0: Ball
1-0: Swinging Strike
1-1: Ball
2-1: Foul Ball, location: 2F
2-2: Fielders Choice at 2nd, U6 (Groundball, 6M, EV 108.1 MPH)
Top of the 7th over - 0 runs, 1 hit, 0 errors, 2 left on base; New York 1 - Tampa Bay 1
BOTTOM OF THE 7TH
Tampa Bay Rays batting - Pitching for New York Yankees : RHP Shane Bieber
Batting: RHB Nelson Cruz 0-0: Ball
1-0: Ball
2-0: Ball
3-0: Base on Balls
Batting: LHB Rafael Devers 0-0: Ball
1-0: Called Strike
1-1: Ball
2-1: SINGLE (Line Drive, 8LS, EV 111.3 MPH)
Nelson Cruz to second
Batting: RHB Enrique Hernandez 0-0: Grounds into double play, 6-4-3 (Groundball, 6, EV 83.1 MPH)
Nelson Cruz to third
Batting: LHB Dan Vogelbach 0-0: SINGLE (Line Drive, 34D, EV 99.4 MPH)
Nelson Cruz scores
Batting: RHB DJ LeMahieu 0-0: Ball
1-0: Called Strike
1-1: Called Strike
1-2: Foul Ball, location: 2F
1-2: Foul Ball, location: 2F
1-2: 2-RUN HOME RUN (Flyball, 78XD, EV 107.5 MPH), Distance : 380 ft
Batting: SHB Matt Wieters 0-0: Ball
1-0: Swinging Strike
1-1: Called Strike
1-2: Strikes out swinging
Bottom of the 7th over - 3 runs, 3 hits, 0 errors, 0 left on base; New York 1 - Tampa Bay 4
TOP OF THE 8TH
New York Yankees batting - Pitching for Tampa Bay Rays : RHP Darren O'Day
Batting: RHB Anthony Rendon 0-0: Called Strike
0-1: Ball
1-1: Ball
2-1: Ball
3-1: Called Strike
3-2: Fly out, F7 (Flyball, 78S, EV 75.0 MPH)
Batting: RHB Ryan Braun 0-0: Called Strike
0-1: Foul Ball, location: 2F
0-2: Fly out, F9 (Line Drive, 9, EV 94.4 MPH)
Batting: RHB Jose Abreu 0-0: Ball
1-0: Called Strike
1-1: Ball
2-1: Called Strike
2-2: Ball
3-2: Foul Ball, location: 2F
3-2: Strikes out swinging
Top of the 8th over - 0 runs, 0 hits, 0 errors, 0 left on base; New York 1 - Tampa Bay 4
BOTTOM OF THE 8TH
Tampa Bay Rays batting - Pitching for New York Yankees : RHP Shane Bieber
Pitching: RHP Wade Davis
Batting: RHB Xander Bogaerts 0-0: Called Strike
0-1: Swinging Strike
0-2: SINGLE (Line Drive, 8LS, EV 90.6 MPH)
Batting: LHB Curtis Granderson 0-0: Called Strike
0-1: Ball
1-1: Ball
2-1: Foul Ball, location: 2F
2-2: Foul Ball, location: 2F
2-2: Ball
3-2: Base on Balls
Xander Bogaerts to second
Pitching: LHP Tyler Olson
Batting: LHB Michael Conforto 0-0: Called Strike
0-1: Ball
1-1: Ball
2-1: Called Strike
2-2: Ball
3-2: Foul Ball, location: 2F
3-2: Strikes out swinging
Pitching: LHP Josh Hader
Batting: RHB Nelson Cruz 0-0: Called Strike
0-1: Foul Ball, location: 2F
0-2: Strikes out swinging
Batting: LHB Rafael Devers 0-0: Called Strike
0-1: Swinging Strike
0-2: Strikes out swinging
Bottom of the 8th over - 0 runs, 1 hit, 0 errors, 2 left on base; New York 1 - Tampa Bay 4
TOP OF THE 9TH
New York Yankees batting - Pitching for Tampa Bay Rays : RHP Darren O'Day
Pitching: RHP Keone Kela
Batting: RHB Buster Posey 0-0: Fly out, F3 (Popup, 3SF, EV 76.3 MPH)
Batting: LHB Willie Calhoun 0-0: Called Strike
0-1: Swinging Strike
0-2: Strikes out swinging
Batting: LHB Brandon Crawford 0-0: Ball
1-0: Ball
2-0: Ball
3-0: Called Strike
3-1: Base on Balls
Batting: RHB Manuel Margot 0-0: Called Strike
0-1: Foul Ball, location: 2F
0-2: Strikes out looking
Top of the 9th over - 0 runs, 0 hits, 0 errors, 1 left on base; New York 1 - Tampa Bay 4
Sunday, October 6th, 2019 - OOTP Baseball 20.6 Build 55